 Dungeon Crawl Stone Soup version 0.26-a0-67-g850bfe61e3 (webtiles) character file.

Game seed: 3836188134897907399

3589 chigibop the Grappler (level 10, -2/108 HPs)
             Began as an Octopode Chaos Knight on June 12, 2020.
             Was a Plaything of Xom.
             Slain by a warg (10 damage)
             ... on level 7 of the Dungeon.
             The game lasted 00:12:28 (10851 turns).

chigibop the Grappler (Octopode Chaos Knight)      Turns: 10851, Time: 00:12:28

Health: -2/108     AC: 25    Str: 13    XL:     10   Next: 10%
Magic:  10/10      EV:  2    Int: 16    God:    Xom [......]
Gold:   556        SH:  0    Dex: 12    Spells: 9/9 levels left

rFire    . . .     SeeInvis +     - Unarmed
rCold    . . .     Gourm    .   (no shield)
rNeg     + + +     Faith    .   (helmet currently unavailable)
rPois    +         Spirit   .   (no amulet)
rElec    .         Reflect  .   e - ring of positive energy
rCorr    .         Harm     .   C - ring of see invisible
MR       .....     NoTele   +   o - ring of wizardry
Stlth    +.........             s - ring of flight
HPRegen  0.28/turn              (no ring)
MPRegen  0.12/turn              (no ring)
                                (no ring)
                                (no ring)

@: tree-form
A: almost no armour, stealthy swim, (amphibious), 8 rings, (constrict 8),
repulsion field 1, mutation resistance 1, sense surroundings 1
a: Renounce Religion


You were on level 7 of the Dungeon.
You worshipped Xom.
You were a very special plaything of Xom.
You were not hungry.
You were a tree.
You visited 1 branch of the dungeon, and saw 8 of its levels.
You also visited: Ossuary.

You collected 556 gold pieces.

Inventory:

Missiles
 H - 2 throwing nets (quivered) {!f}
Jewellery
 e - a ring of positive energy (left branch)
 f - an uncursed ring of fire
 o - a ring of wizardry (on tentacle)
 s - a ring of flight (on tentacle)
 C - a ring of see invisible (right branch)
 G - an uncursed ring of teleportation {@r3}
Wands
 E - a wand of digging (4)
 M - a wand of random effects (10)
Scrolls
 c - 3 scrolls of enchant armour
 d - a scroll of random uselessness
 h - 2 scrolls of fog {unknown}
 k - 3 scrolls of remove curse {@r2}
 r - 3 scrolls of magic mapping {unknown}
 v - 2 scrolls of noise
 x - a scroll of immolation {unknown}
 y - 2 scrolls of fear
 z - a scroll of brand weapon
 B - 4 scrolls of teleportation {unknown}
 D - a scroll of blinking
 F - a scroll of torment
 I - 2 scrolls of amnesia {unknown}
 J - a scroll of holy word {unknown}
 K - 2 scrolls of enchant weapon
 L - 3 scrolls of vulnerability {unknown}
Potions
 b - a potion of mutation
 g - 2 potions of might
 i - 6 potions of flight {unknown}
 j - 5 potions of curing {@q1}
 l - 3 potions of cancellation {unknown}
 m - 3 potions of brilliance {unknown}
 n - a potion of degeneration {unknown}
 p - a potion of lignification
 q - a potion of berserk rage
 t - a potion of heal wounds
 u - 2 potions of invisibility {unknown}
 w - 2 potions of resistance {unknown}
 A - 2 potions of stabbing
Comestibles
 a - 8 rations
 N - 12 chunks of flesh


   Skills:
 + Level 7.7 Fighting
 + Level 7.5 Dodging
 * Level 10.4 Unarmed Combat


You had 9 spell levels left.
You didn't know any spells.
Your spell library contained the following spells:

 Spells                   Type           Power        Failure   Level  Hunger
 Confusing Touch          Hex            #.......     28%         3    ####...
 Gell's Gravitas          Tloc           #.........   28%         3    ####...
 Petrify                  Tmut/Erth      #.......     65%         4    #####..
 Metabolic Englaciation   Hex/Ice        #.........   93%         5    ######.
 Yara's Violent Unravell  Hex/Tmut       #.........   93%         5    ######.


Dungeon Overview and Level Annotations

Branches:
Dungeon (8/15)             Temple (0/1) D:6            Lair (0/6) D:8
Ossuary (visited)

Altars:
Fedhas
Makhleb
Vehumet
Xom

Shops:
D:4 (


Innate Abilities, Weirdness & Mutations

You cannot wear most types of armour.
You are very stealthy in the water. (Stealth+)
((You are amphibious.))
You can wear up to eight rings at the same time.
((You can use your tentacles to constrict eight enemies at once.))
((Your skin changes colour to match your surroundings (Stealth+).))
((Your rubbery body absorbs attacks. (AC +1, EV +1)))
You are surrounded by a mild repulsion field. (EV +2)
((You can translocate small distances at will.))
((Your flesh is cold resistant. (rC+)))
You are somewhat resistant to further mutation.
You passively map a small area around you.
((Your system is resistant to poisons. (rPois)))
((You are resistant to electric shocks. (rElec)))


Message History

You feel a bit more experienced.
The orc priest casts a cantrip, but nothing happens.
The orc priest miscasts a cantrip.
The warg bites you!
There is a stone staircase leading up, spattered with blood here.
The warg bites you.
You climb upwards.
There is a stone staircase leading down here.
You closely miss the warg. The warg bites you!
You miss the warg. The warg bites you!
* * * LOW HITPOINT WARNING * * *
You bludgeon the warg! The warg closely misses you.
You bludgeon the warg! The warg closely misses you.
You closely miss the warg. Your squeeze misses the warg. The warg bites you!
* * * LOW HITPOINT WARNING * * *
Really quaff the potion of lignification?
You turn into a tree.
Your roots penetrate the ground.
The warg bites you.
* * * LOW HITPOINT WARNING * * *
The warg bites you!
You die...

##......##
##########
##......###.........
##.....#.........).
#.................
#.................
#.................
#.................
#......#..........
#♣h...####........
#.....# ###......
#.....# ####...
#.....# ###.....
##..### ##....##.
#### #...##### #..##
# #..# #..#


You could see a warg.

Vanquished Creatures
  Maggie (D:6)
  2 hippogriffs
  Sigmund (D:3)
  3 ogres
  An ice beast (D:5)
  3 phantoms
  2 centaurs (D:8)
  A bullfrog (D:6)
  A gnoll sergeant (D:7)
  A scorpion (D:4)
  2 killer bees (D:4)
  4 wights (D:7)
  A howler monkey (D:5)
  A crimson imp (D:5)
  5 hounds
  2 jellies
  4 orc wizards
  8 orc priests
  A gnoll shaman (D:5)
  3 bullfrog skeletons
  4 iguanas
  Natasha (twice) (D:3)
  A statue (D:4)
  6 worker ants
  A big kobold zombie (Ossuary)
  A hound skeleton (D:6)
  8 mummies (Ossuary)
  Robin (D:4)
  6 adders
  16 gnolls
  2 oozes
  7 worms
  3 dart slugs
  6 leopard geckos
  18 orcs
  7 giant cockroaches
  15 goblins
  10 hobgoblins
  7 jackals
  5 kobolds
  4 quokkas
  10 bats
  6 frilled lizards
  2 gnoll zombies (Ossuary)
  2 hobgoblin zombies
  A jackal skeleton (D:7)
  2 kobold zombies (Ossuary)
  2 orc zombies (Ossuary)
  A quokka skeleton (D:6)
  7 rats
210 creatures vanquished.

Vanquished Creatures (collateral kills)
  A killer bee (D:4)
  An iguana (D:4)
  An orc (D:8)
3 creatures vanquished.

Grand Total: 213 creatures vanquished

Notes
Turn   | Place    | Note
-------+----------+-------------------------------------------
     0 | D:1      | chigibop the Octopode Chaos Knight began the quest for the
                  | Orb.
     0 | D:1      | Reached XP level 1. HP: 16/16 MP: 1/1
     6 | D:1      | Noticed a swamp worm
     6 | D:1      | Noticed a hound
     6 | D:1      | Noticed a wyvern
   367 | D:1      | Reached XP level 2. HP: 12/21 MP: 2/2
   429 | D:1      | XOM: cloud trail
  1129 | D:2      | Reached XP level 3. HP: 26/26 MP: 3/3
  1142 | D:2      | XOM: smoke on damage
  1437 | D:2      | XOM: smoke on damage
  1622 | D:2      | XOM is BORED!
  1713 | D:2      | Reached skill level 4 in Unarmed Combat
  1713 | D:2      | Reached XP level 4. HP: 28/31 MP: 4/4
  1913 | D:2      | XOM: butterfly on damage
  2348 | D:3      | Noticed Natasha
  2355 | D:3      | XOM: cleaving
  2357 | D:3      | Killed Natasha
  2591 | D:3      | Noticed Sigmund
  2592 | D:3      | Noticed Natasha
  2603 | D:3      | XOM: swap monsters
  2706 | D:2      | XOM: give mutation
  2706 | D:2      | Gained mutation: Your body sometimes deteriorates upon
                  | taking damage. [Xom's mischief]
  2836 | D:3      | Found a blossoming altar of Fedhas.
  2882 | D:3      | Reached XP level 5. HP: 37/37 MP: 5/5
  3029 | D:4      | XOM: swap monsters
  3037 | D:4      | XOM: torment (20/37 hp)
  3046 | D:4      | Found a sand-covered staircase.
  3053 | Ossuary  | Entered an ossuary
  3102 | Ossuary  | Lost mutation: Your body sometimes deteriorates upon taking
                  | damage. [potion of mutation]
  3102 | Ossuary  | Gained mutation: Your flesh is cold resistant. (rC+)
                  | [potion of mutation]
  3102 | Ossuary  | Gained mutation: You can translocate small distances at
                  | will. [potion of mutation]
  3150 | Ossuary  | Reached skill level 5 in Unarmed Combat
  3298 | Ossuary  | XOM: give mutations
  3298 | Ossuary  | Gained mutation: Your system is resistant to poisons.
                  | (rPois) [Xom's grace]
  3298 | Ossuary  | Gained mutation: Your flesh is very cold resistant. (rC++)
                  | [Xom's grace]
  3298 | Ossuary  | Gained mutation: You expend magic power (3 MP) to
                  | strengthen your wands. [Xom's grace]
  3298 | Ossuary  | Gained mutation: Your muscles are strong. (Str +2) [Xom's
                  | grace]
  3304 | Ossuary  | Reached XP level 6. HP: 36/43 MP: 6/6
  3523 | Ossuary  | XOM: 3-stop teleportation journey
  3559 | Ossuary  | XOM: stat loss: -1 Dex (11/12)
  3598 | Ossuary  | XOM: 4-stop teleportation journey
  3758 | Ossuary  | XOM: confusion
  4095 | D:4      | XOM: 1-stop teleportation journey
  4172 | D:4      | XOM: summons 3 friendly demons
  4271 | D:4      | Reached XP level 7. HP: 49/49 MP: 7/7
  4287 | D:4      | XOM: scenery: create altars
  4309 | D:4      | XOM: smoke on damage
  4325 | D:4      | Reached skill level 6 in Unarmed Combat
  4340 | D:4      | HP: 2/49 [goblin[Robin] (4)]
  4722 | D:4      | XOM: 2-stop teleportation journey
  4895 | D:4      | Noticed Robin
  4997 | D:4      | Killed Robin
  5077 | D:4      | Found a radiant altar of Vehumet.
  5160 | D:4      | XOM: god gift: hand axe {god gift}
  5225 | D:4      | Found Feckixt's Antique Weapon Shoppe.
  5309 | D:4      | XOM: give mutations
  5309 | D:4      | Gained mutation: You are somewhat resistant to further
                  | mutation. [Xom's grace]
  5309 | D:4      | Gained mutation: You are resistant to electric shocks.
                  | (rElec) [Xom's grace]
  5390 | D:4      | XOM is BORED!
  5390 | D:4      | XOM: give mutations
  5390 | D:4      | Lost mutation: Your muscles are strong. (Str +2) [Xom's
                  | mischief]
  5390 | D:4      | Gained mutation: You are dopey. (Int -2) [Xom's mischief]
  5390 | D:4      | Lost mutation: You are somewhat resistant to further
                  | mutation. [Xom's mischief]
  5390 | D:4      | Gained mutation: One of your tentacles bears a spike.
                  | [Xom's mischief]
  5496 | D:3      | XOM: confuse monster(s)
  5627 | D:3      | Killed Natasha
  5627 | D:3      | Reached skill level 5 in Fighting
  5755 | D:4      | XOM: scenery: create altars
  5832 | D:3      | XOM: scenery: create altars
  5836 | D:3      | Killed Sigmund
  5836 | D:3      | Reached XP level 8. HP: 55/55 MP: 8/8
  5914 | D:3      | Found a faded altar of an unknown god.
  5948 | D:3      | Reached skill level 5 in Dodging
  5973 | D:3      | Reached skill level 7 in Unarmed Combat
  6084 | D:5      | Entered Level 5 of the Dungeon
  6087 | D:5      | XOM: potion effect (haste)
  6600 | D:5      | Reached skill level 8 in Unarmed Combat
  6921 | D:5      | XOM: give mutation
  6921 | D:5      | Gained mutation: You are somewhat resistant to further
                  | mutation. [Xom's grace]
  7016 | D:5      | Reached XP level 9. HP: 35/62 MP: 9/9
  7155 | D:5      | You fall into a shaft and drop 1 floor!
  7253 | D:5      | XOM: give mutations
  7253 | D:5      | Gained mutation: You are weak. (Str -2) [Xom's mischief]
  7253 | D:5      | Lost mutation: You are dopey. (Int -2) [Xom's mischief]
  7792 | D:6      | Found a staircase to the Ecumenical Temple.
  7792 | D:6      | Noticed Maggie
  7813 | D:6      | XOM: blink monster(s)
  7820 | D:6      | XOM: enchant monster (good)
  7827 | D:6      | Killed Maggie
  7827 | D:6      | Reached skill level 9 in Unarmed Combat
  7981 | D:6      | XOM: give mutations
  7981 | D:6      | Lost mutation: You are weak. (Str -2) [Xom's mischief]
  8042 | D:6      | Found a burning altar of Makhleb.
  8288 | D:6      | XOM: god gift: scroll labeled NOIG LOLEARU {god gift}
  8511 | D:6      | XOM: cast spell 'Death Channel'
  8515 | D:6      | XOM: smoke on damage
  8720 | D:6      | XOM: scenery: create altars
  9087 | D:7      | XOM: give mutations
  9087 | D:7      | Gained mutation: You are partially covered in large bone
                  | plates. (SH +4) [Xom's grace]
  9087 | D:7      | Gained mutation: You are surrounded by a mild repulsion
                  | field. (EV +2) [Xom's grace]
  9087 | D:7      | Gained mutation: You passively map a small area around you.
                  | [Xom's grace]
  9254 | D:7      | XOM: god gift: 6 gold pieces
  9543 | D:7      | XOM: enchant monster (good)
  9546 | D:7      | XOM: 3-stop teleportation journey
  9554 | D:7      | XOM: 2-stop teleportation journey
  9769 | D:7      | XOM: stat loss: -1 Str (12/13)
  9849 | D:7      | Reached skill level 10 in Unarmed Combat
 10435 | D:8      | XOM is BORED!
 10435 | D:8      | XOM: summons 2 hostile shadow creatures
 10436 | D:8      | Noticed a two-headed ogre
 10507 | D:7      | XOM: give mutations
 10507 | D:7      | Lost mutation: You are partially covered in large bone
                  | plates. (SH +4) [Xom's mischief]
 10507 | D:7      | Lost mutation: Your flesh is very cold resistant. (rC++)
                  | [Xom's mischief]
 10507 | D:7      | Lost mutation: You expend magic power (3 MP) to strengthen
                  | your wands. [Xom's mischief]
 10507 | D:7      | Lost mutation: One of your tentacles bears a spike. [Xom's
                  | mischief]
 10567 | D:8      | Reached XP level 10. HP: 71/71 MP: 10/10
 10648 | D:8      | XOM: smoke on damage
 10817 | D:8      | Found a staircase to the Lair.
 10851 | D:7      | Slain by a warg

Illustrated notes

Levels and vault maps discovered:
D:1:      onia_arrival_zoo_common, layout_basic
D:2:      layout_loops_ring
D:3:      cheibrodos_old_hovel, layout_rooms, lemuel_crystal_altar,
          chequers_ecumenical_altar_simple, first_ration, uniq_natasha,
          uniq_sigmund
D:4:      layout_loops_ring, vehumet_statue, serial_shops,
          kennysheep_little_box, enter_ossuary_3, kennysheep_generic_room_14,
          uniq_robin
D:5:      layout_rooms
D:6:      layout_loops_ring, minmay_temple_entry_drinking_statues, basic_altar,
          uniq_maggie
D:7:      layout_layer_cave
D:8:      layout_cave_pools, tgw_xom, minitemple, erik_lair_orcish_takeover

Skill      XL: |  1  2  3  4  5  6  7  8  9 |
---------------+----------------------------+-----
Unarmed Combat | 4 5 6 8 10 | 10.4
Dodging        | 3 4 6 7 |  7.5
Fighting       | 4 5 6 7 |  7.7

Action                   |  1- 3 |  4- 6 |  7- 9 | 10-12 || total
-------------------------+-------+-------+-------+-------++-------
Melee: Unarmed           |    85 |   124 |   353 |    40 ||   602
       Constrict         |    25 |    43 |    77 |     5 ||   150
       Tentacles         |    18 |    25 |    72 |     9 ||   124
       Punch             |       |     6 |    25 |       ||    31
       Kick              |       |       |    91 |       ||    91
Evoke: Wand              |       |     1 |       |       ||     1
  Use: Scroll            |       |     9 |     5 |       ||    14
       Potion            |       |     6 |       |     1 ||     7
 Stab: Sleeping          |     6 |     9 |     8 |       ||    23
       Distracted        |       |       |     1 |       ||     1
       Confused          |       |       |     1 |       ||     1
       Paralysed         |       |       |     1 |       ||     1
  Eat: Chunk             |     2 |     5 |    19 |     2 ||    28
       Ration            |       |     1 |       |       ||     1
Armor: Skin              |    10 |     8 |    11 |     2 ||    31
Dodge: Dodged            |    54 |    73 |   244 |    36 ||   407
Block: Other             |       |       |     4 |       ||     4

Table legend:
 A = Non-vault XP
 B = Vault XP
 C = Vault XP percentage of total XP
 D = Non-vault monster count
 E = Vault monster count
 F = Vault count percentage of total count
                 A         B        C        D         E       F
            +---------+---------+-------+---------+---------+-------
      Total |    4191 |     937 |  18.3 |     177 |      36 |  16.9
            +---------+---------+-------+---------+---------+-------
        D:1 |      32 |       0 |   0.0 |      18 |       0 |   0.0
        D:2 |      69 |       0 |   0.0 |      24 |       0 |   0.0
        D:3 |     167 |     256 |  60.5 |      26 |       3 |  10.3
        D:4 |     908 |      69 |   7.1 |      31 |      14 |  31.1
        D:5 |     874 |       0 |   0.0 |      36 |       0 |   0.0
        D:6 |     663 |     389 |  37.0 |      11 |       1 |   8.3
        D:7 |     892 |       0 |   0.0 |      20 |       0 |   0.0
        D:8 |     586 |      45 |   7.1 |      11 |       2 |  15.4
    Ossuary |       0 |     178 | 100.0 |       0 |      16 | 100.0
            +---------+---------+-------+---------+---------+-------
